 Dungeon Crawl Stone Soup version 0.24.0-125-gc4c63601f3 (webtiles) character file.

Game seed: 2935759799374659774, levelgen mode: deterministic

602 ReteAZ the Spear-Bearer (level 7, -7/56 HPs)
             Began as a Merfolk Gladiator on Mar 20, 2020.
             Was a Follower of Ru.
             Killed from afar by Dowan (10 damage)
             ... with a stone arrow
             ... on level 4 of the Dungeon.
             The game lasted 00:06:24 (3326 turns).

ReteAZ the Spear-Bearer (Merfolk Gladiator)         Turns: 3326, Time: 00:06:24

Health: -7/56      AC:  4    Str: 15    XL:     7   Next: 41%
Magic:  7/7        EV: 15    Int:  7    God:    Ru [*.....]
Gold:   184        SH:  0    Dex: 17    Spells: 6/6 levels left

rFire    . . .     SeeInvis .   i - +0 scythe
rCold    . . .     Gourm    .   (shield currently unavailable)
rNeg     . . .     Faith    .   b - +0 leather armour
rPois    .         Spirit   .   c - +0 helmet
rElec    .         Reflect  .   (no cloak)
rCorr    .         Harm     .   (no gloves)
MR       .....                  (no boots)
Stlth    +.........             (no amulet)
HPRegen  0.18/turn              e - +1 ring of evasion
MPRegen  0.10/turn              g - ring of flight

@: no potions
A: change form in water, swift swim, stealthy swim, inability to drink while
threatened
a: Renounce Religion, Evoke Flight


You were on level 4 of the Dungeon.
You worshipped Ru.
Ru was aware of your devotion.
You were not hungry.

You visited 1 branch of the dungeon, and saw 4 of its levels.

You collected 184 gold pieces.

Inventory:

Hand Weapons
 a - a +0 trident
 i - a +0 scythe (weapon)
Missiles
 d - 4 throwing nets
 o - 41 poisoned darts (quivered)
 w - a boomerang
Armour
 b - a +0 leather armour (worn)
 c - a +0 helmet (worn)
Jewellery
 e - a +1 ring of evasion (left hand)
 g - a ring of flight (right hand)
 t - an uncursed ring of fire
Wands
 q - a wand of polymorph (13)
Scrolls
 h - a scroll of magic mapping {unknown}
 j - 2 scrolls of blinking {unknown}
 l - 4 scrolls of remove curse {unknown}
 m - 4 scrolls of teleportation {unknown}
 n - 4 scrolls of identify {unknown}
 p - a scroll of fear {unknown}
 s - a scroll of amnesia {unknown}
 u - a scroll of fog {unknown}
Potions
 k - 2 potions of flight
 r - a potion of lignification {unknown}
 v - a potion of degeneration
 z - a potion of brilliance {unknown}
Comestibles
 f - 8 rations
 x - 7 chunks of flesh


   Skills:
 + Level 5.2 Fighting
 * Level 10.1 Polearms
 - Level 2.0 Throwing
 - Level 4.0 Dodging


You had 6 spell levels left.
You didn't know any spells.
Your spell library was empty.

Dungeon Overview and Level Annotations

Branches:
Dungeon (4/15)
 Temple: D:4-7

Altars:
Makhleb
Ru
Uskayaw
Vehumet
Yredelemnul

Annotations:
D:4 Dowan


Innate Abilities, Weirdness & Mutations

You revert to your normal form in water.
You are very nimble and swift while swimming.
You are very stealthy in the water. (Stealth+)
You cannot drink potions while threatened.


Message History

You feel your dexterity returning.
Your Polearms skill increases to level 10!
Dowan begins to cast a spell, but is stunned by your will!
You slash the ooze!
The ooze is severely wounded.
The ooze barely misses you. The ooze misses you.
You slash the ooze!
You kill the ooze!
You can drink potions again.
Dowan hits you with a +0 dagger.
* * * LOW HITPOINT WARNING * * *
Dowan casts a spell at you. The stone arrow hits you!
You feel threatened and lose the ability to drink potions!
* * * LOW HITPOINT WARNING * * *
Okay, then.
You closely miss Dowan.
Dowan points at you and mumbles some strange words.
The stone arrow hits you!
You die...

..## ##...## ##.
###..#..## #...
#........####...#
........$.......
................
............#
........e#.#
........#@.#
.......##..#
....... #..#
......# #.##
...### ##.# ..
#..# . #..# #.##
#.#


You could see Dowan.

Vanquished Creatures
  Sigmund (D:3)
  Duvessa (D:4)
  A jelly (D:3)
  An orc priest (D:3)
  2 hounds (D:4)
  5 gnolls
  5 adders
  9 oozes
  A dart slug (D:1)
  3 leopard geckos
  9 orcs (D:3)
  3 ball pythons (D:1)
  8 bats
  4 giant cockroaches
  9 hobgoblins
  3 jackals (D:3)
  2 quokkas (D:3)
  A frilled lizard (D:1)
  2 gnoll zombies (D:3)
  3 goblins
  16 kobolds
  5 rats
94 creatures vanquished.

Vanquished Creatures (others)
  A quokka (D:4)
  9 toadstools (D:3)
10 creatures vanquished.

Grand Total: 104 creatures vanquished

Notes
Turn   | Place    | Note
-------+----------+-------------------------------------------
     0 | D:1      | ReteAZ the Merfolk Gladiator began the quest for the Orb.
     0 | D:1      | Reached XP level 1. HP: 16/16 MP: 1/1
   208 | D:1      | Reached XP level 2. HP: 23/23 MP: 2/2
   230 | D:1      | Reached skill level 5 in Polearms
   355 | D:1      | You fall into a shaft and drop 1 floor!
   539 | D:1      | Reached XP level 3. HP: 28/28 MP: 3/3
   950 | D:2      | Found a sacrificial altar of Ru.
   961 | D:2      | Reached skill level 6 in Polearms
   969 | D:2      | Became a worshipper of Ru the Awakened
  1009 | D:2      | Reached XP level 4. HP: 35/35 MP: 4/4
  1173 | D:2      | Found a faded altar of an unknown god.
  1623 | D:3      | Reached skill level 7 in Polearms
  1629 | D:3      | Reached XP level 5. HP: 22/41 MP: 5/5
  1984 | D:3      | Noticed Sigmund
  2001 | D:3      | Killed Sigmund
  2001 | D:3      | Reached skill level 8 in Polearms
  2001 | D:3      | Reached XP level 6. HP: 49/49 MP: 6/6
  2058 | D:3      | Found a radiant altar of Vehumet.
  2413 | D:3      | Reached skill level 9 in Polearms
  2714 | D:3      | Found a burning altar of Makhleb.
  2716 | D:3      | Noticed a balrug
  2720 | D:3      | Noticed a hellwing
  2720 | D:3      | Noticed a neqoxec
  2780 | D:3      | Gained mutation: You cannot drink potions while threatened.
                  | [Ru sacrifice]
  2780 | D:3      | Reached * piety under Ru
  2955 | D:3      | Found a basalt altar of Yredelemnul.
  3190 | D:3      | Reached XP level 7. HP: 54/55 MP: 7/7
  3210 | D:3      | Found a hide-covered altar of Uskayaw.
  3308 | D:4      | Noticed Dowan
  3308 | D:4      | Noticed Duvessa
  3314 | D:4      | Reached skill level 5 in Fighting
  3323 | D:4      | Killed Duvessa
  3323 | D:4      | Reached skill level 10 in Polearms
  3326 | D:4      | Killed from afar by Dowan

Levels and vault maps discovered:
D:1:      dpeg_arrival_arbitrary_c, layout_basic, minmay_shallow_snake_nest
D:2:      layout_loops_ring, lemuel_doored_altar,
          chequers_ecumenical_altar_simple_redux
D:3:      cheibrodos_fertilizer, layout_basic, lemuel_zombie_altar_yredelemnul,
          fiery_altar_vehumet, lemuel_coloured_pillars_altar,
          makhleb_altar_promises_db, grunt_ministairs_13, uniq_sigmund
D:4:      layout_cave_pods, elyvilon_altar_4, uniq_duvessa,
          uniq_crazy_yiuf_cottage

Skill      XL: |  1  2  3  4  5  6  7 |
---------------+----------------------+-----
Polearms       | 5 6 7 8 9 10 | 10.1
Fighting       | 3 4 5 |  5.2
Throwing       | |  2.0
Dodging        | |  4.0

Action                   |  1- 3 |  4- 6 |  7- 9 || total
-------------------------+-------+-------+-------++-------
Melee: Trident           |    78 |    94 |       ||   172
       Scythe            |       |    94 |    21 ||   115
Invok: Sacrifice Drink   |       |     1 |       ||     1
  Use: Potion            |       |     6 |       ||     6
 Stab: Sleeping          |     2 |     1 |     1 ||     4
       Distracted        |       |     1 |       ||     1
  Eat: Chunk             |       |     8 |       ||     8
Armor: Leather armour    |    17 |    35 |     3 ||    55
Dodge: Dodged            |    55 |   143 |    13 ||   211
